 Dungeon Crawl Stone Soup version 0.31-a0-459-gc8a9bf3d51 (webtiles) character file.

Game seed: 13772909912200514258

31 Ethylacetat the Insei (level 3, 0/20 HPs)
             Began as a Vine Stalker Monk on Aug 4, 2023.
             Slain by a phantom (2 damage)
             ... on level 2 of the Dungeon.
             The game lasted 00:01:16 (597 turns).

Ethylacetat the Insei (Vine Stalker Monk)            Turns: 597, Time: 00:01:16

Health: 0/20       AC:  2    Str: 13    XL:     3   Next: 22%
Magic:  0/5        EV: 13    Int: 10    God:
Gold:   26         SH:  0    Dex: 18    Spells: 4/4 levels left

rFire   . . .        e - +1 dagger (venom)
rCold   . . .        c - orb {light}
rNeg    . . .        a - +0 robe
rPois   .            (no helmet)
rElec   .            (no cloak)
rCorr   .            (no gloves)
SInv    .            (no boots)
Will    .....        (no amulet)
Stlth   +            (no ring)
HPRegen 0.23/turn    (no ring)
MPRegen 0.09/turn

%: guardian spirit
@: glowing
A: fangs 2, magic shield, antimagic bite, no potion heal 2
a: no special abilities


You were on level 2 of the Dungeon.
You visited 1 branch of the dungeon, and saw 2 of its levels.

You collected 26 gold pieces.

Inventory:

Hand Weapons
 e - a +1 dagger of venom (weapon)
Armour
 a - a +0 robe (worn)
 c - an orb of light (worn)
Scrolls
 f - a scroll of silence {unknown}
 g - a scroll of teleportation {unknown}
Potions
 d - 2 potions of lignification {unknown}


   Skills:
 + Level 3.0 Fighting
 - Level 2.4 Dodging
 * Level 3.7 Unarmed Combat
 + Level 1.1 Spellcasting


You had 4 spell levels left.
You didn't know any spells.
Your spell library contained the following spells:

 Spells                   Type           Power      Damage    Failure   Level
 Sublimation of Blood     Necr           0%         N/A       45%         2
 Petrify                  Tmut/Erth      0%         N/A       98%         4
 Irradiate                Conj/Tmut      0%         3d11      100%        5


Dungeon Overview and Level Annotations

Branches:
Dungeon (2/15)

Altars:


Innate Abilities, Weirdness & Mutations

You have extremely sharp teeth.
When hurt, damage is shared between your health and your magic reserves.
Your bite disrupts and absorbs the magic of your enemies.
Potions cannot restore your health.


Message History

The phantom barely misses you.
You barely miss the phantom.
The phantom is heavily damaged.
The phantom barely misses you.
You completely miss the phantom.
The phantom is heavily damaged.
The phantom hits you.
* * * LOW HITPOINT WARNING * * *
The phantom blinks!
You blink.
You hit the phantom. You bite the phantom. You drain its power.
You feel invigorated.
The phantom is heavily damaged.
The phantom misses you.
You hit the phantom but do no damage.
The phantom is heavily damaged.
The phantom misses you.
You hit the phantom but do no damage. Your bite misses the phantom.
The phantom is heavily damaged.
The phantom hits you.
You barely miss the phantom. You bite the phantom, but do no damage.
The phantom is heavily damaged.
The phantom hits you.
* * * LOW HITPOINT WARNING * * *
You hit the endoplasm.
You kill the endoplasm!
The phantom hits you but does no damage.
You hit the phantom. You bite the phantom, but do no damage.
The phantom is severely damaged.
The phantom completely misses you.
You hit the phantom.
The phantom is severely damaged.
The phantom misses you.
You hit the phantom. You bite the phantom. You drain its power.
You feel invigorated.
The phantom is almost destroyed.
The phantom closely misses you.
You hit the rat.
You kill the rat!
The phantom hits you.
You die...

### .... #<# ....
#.##.......
#.##......
#.##......
######.##......
#..(...........
##......@.......
.........W.######
#...........r..r#
#..........####ยง#
#....!..#### #.#
#.......# #.#
#.......# #.#
#....$..# #.#
#........ ...


You could see a phantom and a rat.

Vanquished Creatures
  3 ball pythons (D:1)
  5 bats (D:1)
  5 endoplasms
  2 giant cockroaches
  A goblin (D:1)
  A hobgoblin (D:1)
  A quokka (D:2)
  2 frilled lizards (D:1)
  5 kobolds (D:1)
  5 rats
30 creatures vanquished.

Notes
Turn   | Place    | Note
-------+----------+-------------------------------------------
     0 | D:1      | Ethylacetat the Vine Stalker Monk began the quest for the
                  | Orb.
     0 | D:1      | Reached XP level 1. HP: 11/11 MP: 2/2
   110 | D:1      | Reached XP level 2. HP: 15/16 MP: 3/3
   352 | D:1      | Reached skill level 1 in Spellcasting
   447 | D:1      | Reached XP level 3. HP: 20/20 MP: 5/5
   548 | D:2      | Noticed a phantom
   578 | D:2      | HP: 1/20 [phantom (1)]
   588 | D:2      | HP: 1/20 [phantom (2)]
   597 | D:2      | Slain by a phantom

Illustrated notes

Levels and vault maps discovered:
D:1:      minmay_arrival_open_corners, layout_rooms
D:2:      layout_basic, minmay_domino_4

Skill      XL: |  1  2 |
---------------+-------+-----
Spellcasting   | 1 |  1.1
Fighting       | 3 |  3.0
Dodging        | |  2.4
Unarmed Combat | |  3.7

Action                     || total
---------------------------++-------
  Melee: Dagger            ||    78
         Unarmed           ||     5
         Bite              ||    26
    Use: Potion            ||     1
 Armour: Robe              ||    18
  Dodge: Dodged            ||    68

Table legend: (Time is in decaauts)
 A = Elapsed time spent in this place.
 B = Non-inter-level travel time spent in this place.
 C = Inter-level travel time spent in this place.
 D = Time resting spent in this place.
 E = Time spent auto-exploring this place.
 F = Levels seen in this place.
 G = Mean time per level.
                   A        B        C        D        E       F      G
               +--------+--------+--------+--------+--------+-----+--------+
         Total |    596 |    592 |      4 |      0 |    425 |   2 |  298.0 |
       Dungeon |    596 |    592 |      4 |      0 |    425 |   2 |  298.0 |
               +--------+--------+--------+--------+--------+-----+--------+

Top non-repeatable levels by time:
     D:1: 545 daAuts
     D:2: 50 daAuts
